 Dungeon Crawl Stone Soup version 0.21-a0-79-g04744e2 (webtiles) character file.

4764 HAL9000 the Slicer (level 10, -5/46 HPs)
             Began as a Vine Stalker Assassin on June 21, 2017.
             Was a Follower of Dithmenos.
             Slain by a sixfirhy (8 damage)
             ... summoned by a kobold demonologist
             ... on level 8 of the Dungeon on June 22, 2017.
             The game lasted 00:27:20 (8067 turns).

HAL9000 the Slicer (Vine Stalker Assassin)          Turns: 8067, Time: 00:27:21

Health: -5/46      AC:  8    Str: 16    XL:     10   Next: 47%
Magic:  0/11       EV: 12    Int: 14    God:    Dithmenos [*.....]
Gold:   497        SH:  5    Dex: 17    Spells: 9/9 levels left

rFire    . . .     SeeInvis .   Q - +2 short sword (venom)
rCold    . . .     Gourm    .   t - +0 buckler
rNeg     . . .     Faith    .   N - +0 robe {MR+}
rPois    .         Spirit   +   i - +1 helmet {Int+3}
rElec    .         Reflect  .   d - +0 cloak
rCorr    +         Harm     .   J - +2 pair of gloves
MR       ++...                  (no boots)
Stlth    +++.......             (no amulet)
HPRegen  0.55/turn              E - ring of resist corrosion
MPRegen  0.12/turn              Z - +1 ring of evasion

@: wreathed by umbra
A: fangs 3, regeneration 1, magic shield, antimagic bite, no potion heal 3, rot
immunity
a: Renounce Religion


You were on level 8 of the Dungeon.
You worshipped Dithmenos.
Dithmenos was aware of your devotion.
You were not hungry.

You visited 2 branches of the dungeon, and saw 9 of its levels.

You collected 497 gold pieces.

Inventory:

Hand Weapons
 b - a +0 blowgun
 Q - a +2 short sword of venom (weapon)
Missiles
 e - 30 poisoned needles
 f - a curare-tipped needle
Armour
 d - a +0 cloak (worn)
 i - a +1 helmet of intelligence (worn)
 s - a +2 large shield
 t - a +0 buckler (worn)
 J - a +2 pair of gloves (worn)
 N - a +0 robe of magic resistance (worn)
Jewellery
 E - a ring of resist corrosion (left hand)
 Z - a +1 ring of evasion (right hand)
Wands
 A - a wand of scattershot (0/9)
 O - a wand of lightning (11/15)
 P - a wand of paralysis (12/24)
 X - a wand of confusion (26/48)
 Y - a wand of random effects (30/48)
Scrolls
 h - 5 scrolls of remove curse
 j - 2 scrolls of enchant weapon {unknown}
 k - a scroll of random uselessness {unknown}
 q - a scroll of recharging {unknown}
 r - 2 scrolls of enchant armour {unknown}
 v - 6 scrolls of teleportation {unknown}
 x - a scroll of noise {unknown}
 R - a scroll of summoning {unknown}
 U - a scroll of blinking {unknown}
 V - a scroll of magic mapping {unknown}
 W - a scroll of fog {unknown}
Potions
 c - 6 potions of curing
 p - a potion of resistance
 z - 2 potions of haste
 B - a potion of brilliance {unknown}
 D - 3 potions of lignification
 H - 2 potions of might {unknown}
 I - a potion of ambrosia {unknown}
 L - a potion of degeneration {unknown}
 T - a potion of agility {unknown}
Books
 K - a book of Conjurations

   Spells                             Type                      Level
   a - Magic Dart                     Conjuration                  1
   b - Searing Ray                    Conjuration                  2
   c - Dazzling Spray                 Conjuration/Hexes            3
   d - Fulminant Prism                Conjuration/Hexes            4
   e - Force Lance                    Conjuration/Translocation    4
   f - Iskenderun's Mystic Blast      Conjuration                  4
Comestibles
 g - 10 bread rations
 m - 6 meat rations
 w - 3 royal jellies
 G - 12 fruits


   Skills:
 - Level 1.7 Fighting
 + Level 12.8 Short Blades
 - Level 1.7 Throwing
 - Level 0.7 Dodging
 - Level 4.8 Stealth
 - Level 4.1 Shields


You had 9 spell levels left.
You didn't know any spells.

Dungeon Overview and Level Annotations

Branches:
Dungeon (8/15)             Temple (1/1) D:7
   Lair: D:8-11

Altars:
Ashenzari
Cheibriados
Dithmenos
Elyvilon
Fedhas
Gozag
Hepliaklqana
Kikubaaqudgha
Makhleb
Nemelex Xobeh
Okawaru
Ru
Sif Muna
Trog
Uskayaw
Vehumet
Wu Jian
Xom
Yredelemnul
Zin
The Shining One

Annotations:
D:5 Kidiri's ghost, novice DsTm


Innate Abilities, Weirdness & Mutations

You have razor-sharp teeth.
Your natural rate of healing is unusually fast.
When hurt, damage is shared between your health and your magic reserves.
Your bite disrupts and absorbs the magic of your enemies.
Potions cannot restore your health.
You are immune to rotting.


Message History

The crimson imp shouts!
The kobold demonologist shouts!
You hit the orc priest.
The orc priest is poisoned.
The orc priest is moderately wounded.
The kobold demonologist gestures wildly while chanting.
The orc priest hits you with a flail. The shadow imp misses you.
Unknown command.
The crimson imp blinks!
The kobold demonologist looks satisfied for a moment.
You block the sixfirhy's attack. The sixfirhy barely misses you.
The sixfirhy hits you but does no damage.
The sixfirhy hits you. The sixfirhy shocks you! The sixfirhy barely misses you.
There is an open door here.
The sixfirhy hits you! The sixfirhy shocks you!
You block the sixfirhy's attack. The sixfirhy hits you!
* * * LOW HITPOINT WARNING * * *
The sixfirhy shocks you!
* * * LOW HITPOINT WARNING * * *
The sixfirhy hits you but does no damage.
The sixfirhy hits you!
You die...

.# ########## #.##### .#
#........##### #.# ##
#........'...# #)#
#........###.# #.# ###
########.##<.# #.# ..#
#.##..###.# .(#
#.##..)...# ..#
#.##.###### ..# #.@..#
..# #3#### ..# ###.# ..#
##.'## #### ..### ##...#
#...## ....#
#####...###.....##
....###......###.5.....#
....##.....o##.5o......#
....#...)5..#.S#.o.ยง...#


You could see a sixfirhy and an orc priest.

Vanquished Creatures
  Pikel (D:5)
  The ghost of sergedm the Magician, a novice DECj (D:4)
  A troll (D:7)
  A hippogriff (D:8)
  A yak (D:8)
  A spriggan (D:7)
  A vampire mosquito (D:8)
  An acid dragon (D:8)
  A water moccasin (D:5)
  Duvessa (D:7)
  A black bear (D:8)
  2 sky beasts
  2 ice beasts (D:6)
  4 slaves
  2 phantoms
  4 ogres
  3 centaurs
  3 bullfrogs
  Dowan (D:7)
  A scorpion (D:6)
  5 wights (D:7)
  3 howler monkeys
  A crimson imp (D:5)
  2 hounds (D:8)
  A bullfrog skeleton (D:4)
  A centaur skeleton (D:4)
  2 quasits
  3 orc priests
  3 iguanas
  Jessica (D:3)
  Natasha (twice) (D:3)
  10 orc wizards
  6 worker ants
  A worker ant zombie (D:8)
  10 adders
  2 gnolls (D:5)
  A howler monkey skeleton (D:6)
  A shadow imp (D:8)
  An ooze (D:5)
  An adder zombie (D:7)
  2 worms
  2 dart slugs (D:2)
  A leopard gecko (D:1)
  24 orcs
  7 giant cockroaches
  5 goblins
  8 hobgoblins
  9 jackals
  2 quokkas
  2 ball pythons
  7 bats
  3 frilled lizards
  3 kobolds
  4 rats
169 creatures vanquished.

Vanquished Creatures (others)
  An orc (D:6)
1 creature vanquished.

Grand Total: 170 creatures vanquished

Notes
Turn   | Place    | Note
-------+----------+-------------------------------------------
     0 | D:1      | HAL9000 the Vine Stalker Assassin began the quest for the Orb.
     0 | D:1      | Reached XP level 1. HP: 11/11 MP: 2/2
    71 | D:1      | Reached skill level 2 in Short Blades
   305 | D:1      | Reached XP level 2. HP: 15/15 MP: 3/3
   774 | D:1      | Reached skill level 3 in Short Blades
   838 | D:1      | Reached XP level 3. HP: 18/18 MP: 4/4
  1048 | D:2      | Reached skill level 1 in Shields
  1222 | D:2      | Gained mutation: Your natural rate of healing is unusually fast. [Vine Stalker growth]
  1222 | D:2      | Reached XP level 4. HP: 23/23 MP: 5/5
  1628 | D:3      | Found a hide-covered altar of Uskayaw.
  1635 | D:3      | Noticed Natasha
  1641 | D:3      | Killed Natasha
  1676 | D:3      | Noticed Jessica
  1686 | D:3      | Killed Jessica
  1686 | D:3      | Reached skill level 4 in Short Blades
  1686 | D:3      | Reached XP level 5. HP: 25/26 MP: 6/6
  1864 | D:3      | Noticed Natasha
  2243 | D:3      | Killed Natasha
  2384 | D:4      | Noticed sergedm's ghost (novice DECj)
  2605 | D:4      | Found a deep blue altar of Sif Muna.
  2707 | D:4      | Reached XP level 6. HP: 25/30 MP: 5/7
  2737 | D:4      | HP: 1/30 [iguana (5)]
  2882 | D:4      | Killed sergedm's ghost
  2882 | D:4      | Reached skill level 5 in Short Blades
  2882 | D:4      | Reached XP level 7. HP: 27/34 MP: 6/8
  3119 | D:5      | Entered Level 5 of the Dungeon
  3119 | D:5      | Noticed Kidiri's ghost (novice DsTm)
  3539 | D:5      | Reached skill level 6 in Short Blades
  3635 | D:5      | Noticed Pikel
  3812 | D:5      | Reached skill level 7 in Short Blades
  3812 | D:5      | Gained mutation: You have razor-sharp teeth. [Vine Stalker growth]
  3812 | D:5      | Reached XP level 8. HP: 38/38 MP: 9/9
  4224 | D:5      | Found a shadowy altar of Dithmenos.
  4225 | D:5      | Found a blossoming altar of Fedhas.
  4659 | D:5      | Killed Pikel
  4659 | D:5      | Reached skill level 9 in Short Blades
  4957 | D:6      | Reached XP level 9. HP: 32/42 MP: 7/10
  5045 | D:6      | Upgraded the game from 0.21-a0-78-g82a99e0 to 0.21-a0-79-g04744e2
  5048 | D:6      | Found a white marble altar of Elyvilon.
  5094 | D:6      | Reached skill level 10 in Short Blades
  6211 | D:7      | Reached skill level 11 in Short Blades
  6227 | D:7      | Noticed Duvessa
  6228 | D:7      | Noticed Dowan
  6266 | D:7      | Killed Duvessa
  6301 | D:7      | Killed Dowan
  6457 | D:7      | Noticed a troll
  6462 | D:7      | Killed a troll
  6489 | D:7      | Reached XP level 10. HP: 42/46 MP: 9/11
  6518 | D:7      | Found a staircase to the Ecumenical Temple.
  6528 | Temple   | Entered the Ecumenical Temple
  6738 | D:5      | Became a worshipper of Dithmenos the Shadowed
  6838 | D:7      | Reached skill level 12 in Short Blades
  7351 | D:8      | Found a runed door.
  7685 | D:8      | Reached * piety under Dithmenos
  7767 | D:8      | Noticed a skeletal warrior
  7867 | D:8      | Found a runed door.
  8050 | D:8      | Noticed a kobold demonologist
  8054 | D:8      | Noticed a sixfirhy
  8064 | D:8      | HP: 1/46 [sixfirhy[a kobold demonologist] (8)]
  8067 | D:8      | Slain by a sixfirhy

Vault maps used:
D:1:      eino_arrival_cavern_e
D:2:      minmay_tetromino_s4
D:3:      lemuel_doored_altar, uniq_jessica, uniq_natasha
D:4:      led_sif_pool
D:5:      cheibrodos_fzero, nicolae_overflow_hidden_temple, first_bread,
          uniq_pikel
D:6:      elyvilon_altar_4
D:7:      temple_green, the_bakery, hangedman_abyss_or_decor_stabs, uniq_duvessa
D:8:      cheibrodos_histonic, enter_ossuary_3,
          hangedman_abyss_or_decor_jellyfish_corner
Temple:   eino_temple_rhombus

Skill      XL: |  1  2  3  4  5  6  7  8  9 10 |
---------------+-------------------------------+-----
Short Blades   | 2 3 4 5 7 9 11 12 | 12.8
Shields        | 1 2 3 4 |  4.1
Fighting       | |  1.7
Throwing       | |  1.7
Dodging        | |  0.7
Stealth        | |  4.8

Action                   |  1- 3 |  4- 6 |  7- 9 | 10-12 || total
-------------------------+-------+-------+-------+-------++-------
Melee: Dagger            |    67 |    74 |   370 |       ||   511
       Bite              |    15 |    23 |   144 |    67 ||   249
       Short sword       |       |       |    81 |   163 ||   244
 Fire: Blowgun           |     1 |     6 |    15 |       ||    22
Evoke: Wand              |       |     3 |       |       ||     3
  Use: Scroll            |       |     4 |     1 |     2 ||     7
       Potion            |       |       |     1 |       ||     1
 Stab: Sleeping          |    10 |     9 |    15 |     2 ||    36
       Invisible         |       |       |     3 |       ||     3
       Distracted        |       |       |     1 |       ||     1
  Eat: Chunk             |       |     6 |    12 |     5 ||    23
Armor: Robe              |    12 |    13 |   100 |    28 ||   153
Dodge: Dodged            |    21 |    26 |   122 |    48 ||   217
Block: Buckler           |       |     3 |    81 |    26 ||   110
